 Dungeon Crawl Stone Soup version 0.32-a0-42-ga30500b4d3 (webtiles) character file.

Game seed: 3390829113032710042

713 Ceno the Cudgeller (level 7, -4/54 HPs)
             Began as an Armataur Warper on Feb 3, 2024.
             Was a Believer of Hepliaklqana.
             Slain by an ogre
             ... wielding a +0 giant club
              (15 damage)
             ... on level 5 of the Dungeon.
             The game lasted 00:14:10 (3845 turns).

Ceno the Cudgeller (Armataur Warper)                Turns: 3845, Time: 00:14:11

Health: -4/54      AC:  9    Str: 18    XL:     7   Next: 41%
Magic:  9/9        EV:  8    Int: 13    God:    Hepliaklqana [**....]
Gold:   160        SH:  0    Dex: 10    Spells: 7/9 levels left

rFire   . . .        A - +1 whip (elec)
rCold   . . .        (no shield)
rNeg    . . .        w - +1 ring mail {Will+}
rPois   .            s - +1 helmet
rElec   .            (no cloak)
rCorr   .            o - +0 pair of gloves
SInv    .            (no barding)
Will    +....        (no amulet) Stlth
                     (no ring)
HPRegen 0.94/turn    (no ring)
MPRegen 0.44/turn

%: roll
@: no status effects
A: reduced essence, large, deformed body, tough skin 3, armoured tail, roll 2
a: Renounce Religion, Recall Ancestor, Ancestor Identity


You were on level 5 of the Dungeon.
You worshipped Hepliaklqana.
Hepliaklqana was pleased with you.
You visited 1 branch of the dungeon, and saw 5 of its levels.

You collected 160 gold pieces.

Inventory:

Hand Weapons
 t - a +0 flail
 A - a +1 whip of electrocution (weapon)
Missiles
 b - 89 stones
 d - 5 darts of dispersal
 r - 6 boomerangs (quivered)
 z - a throwing net
Armour
 e - a +0 ring mail
 o - a +0 pair of gloves (worn)
 s - a +1 helmet (worn)
 w - a +1 ring mail of willpower (worn)
 x - a +0 chain mail
Jewellery
 k - a ring of positive energy
Scrolls
 c - a scroll of blinking
 f - a scroll of teleportation {unknown}
 j - 3 scrolls of revelation
 m - a scroll of poison {unknown}
 n - a scroll of enchant armour
 u - a scroll of silence {unknown}
 v - a scroll of acquirement {unknown}
 y - a scroll of brand weapon {unknown}
 C - 2 scrolls of amnesia {unknown}
Potions
 a - a potion of heal wounds
 g - 2 potions of resistance
 h - a potion of enlightenment
 i - a potion of brilliance
 l - 3 potions of haste
 p - a potion of mutation {unknown}
 q - 2 potions of curing
 B - a potion of degeneration {unknown}


   Skills:
 + Level 4.6 Fighting
 * Level 6.3 Maces & Flails
 - Level 0.8 Throwing
 - Level 1.2 Armour
 - Level 1.3 Dodging
 - Level 1.7 Spellcasting
 - Level 3.0 Translocations


You had 7 spell levels left.
You knew the following spells:

 Your Spells              Type           Power      Damage    Failure   Level
a - Blink                 Tloc           16%        N/A       21%         2

Your spell library contained the following spells:

 Spells                   Type           Power      Damage    Failure   Level
 Apportation              Tloc           16%        N/A       14%         1
 Lesser Beckoning         Tloc           16%        N/A       21%         2
 Teleport Other           Tloc           8%         N/A       38%         3
 Jinxbite                 Hex            2%         N/A       56%         2
 Vampiric Draining        Necr           1%         2d6       80%         3
 Manifold Assault         Tloc           8%         N/A       80%         4
 Vhi's Electric Charge    Tloc/Air       10%        N/A       94%         4
 Anguish                  Hex/Necr       0%         N/A       99%         4
 Dispel Undead            Necr           1%         3d6       99%         4
 Alistair's Intoxication  Alch           0%         N/A       100%        5


Dungeon Overview and Level Annotations

Branches:
Dungeon (5/15)
 Temple: D:4-7

Altars:
Hepliaklqana

Annotations:
D:4 3 runed translucent doors, Wenoon's ghost, amateur GrBe


Innate Abilities, Weirdness & Mutations

Your life essence is reduced to manifest your ancestor. (-10% HP)
Armour fits poorly on your strangely shaped body.
You have extremely tough skin. (AC +3)
You have a long armoured tail.
You regenerate magic and health when rolling toward enemies. (Rampage Regen)


Message History

Found a glowing ring mail.
You see here a +0 giant spiked club.
Found a scroll labelled NEORPHEMIDY.
You see here a +1 ring mail of willpower.
You start removing your armour.
You continue taking off your +0 ring mail. x4
You finish taking off your +0 ring mail.
You start putting on your armour.
You continue putting on your +1 ring mail of willpower. x5
You finish putting on your +1 ring mail of willpower.
You feel strong-willed.
Found a spear.
Found a stone staircase leading up.
Found 10 gold pieces.
Found a stone staircase leading down.
An ogre comes into view. It is wielding a +0 giant spiked club.
The ogre shouts!
You hear a shout!
You see here a scroll labelled NEORPHEMIDY.
You roll towards the ogre!
You whack the ogre! You tail-slap the ogre!
The ogre is heavily wounded.
Zoran points at the ogre and mumbles some strange words.
The stone arrow misses the ogre.
An ogre comes into view. It is wielding a +0 giant club.
The ogre hits you with a +0 giant spiked club!!
Unknown command.
You hit the ogre.
The ogre is severely wounded.
Zoran gestures at the ogre while chanting.
The stone arrow hits the ogre!
The ogre dies!
You see here a scroll labelled NEORPHEMIDY.
C - 2 scrolls labelled NEORPHEMIDY (gained 1)
You swap places.
You roll towards the ogre!
You hit the ogre. Lightning courses through the ogre!
The ogre is severely wounded.
You hear the slow hiss of a distant avalanche of sand.
The ogre hits you with a +0 giant club!!
* * * LOW HITPOINT WARNING * * *
The ogre attacks as it pursues you! The ogre hits you with a +0 giant club!
You die...

###)#######.....#
#.........#.....#
#.........#.....# .
#............### ..
#.........#....###...
............#..#.....##
............+..#.......
.............##O........
..............@#.#......
.........###....<......
..###........##.......
#.###..#.)........ ...
#>.#####...... #. ...#
...... ##.. ..... +.$
#..


You could see an ogre.

Vanquished Creatures
  An ogre (D:4)
  A scorpion (D:4)
  2 bombardier beetles (D:4)
  An orc priest (D:3)
  An iguana (D:4)
  6 gnolls (D:4)
  5 adders
  2 ribbon worms
  2 dart slugs (D:1)
  5 orcs
  8 ball pythons
  6 endoplasms
  A giant cockroach (D:1)
  9 goblins
  9 hobgoblins
  4 jackals (D:2)
  10 kobolds
  2 quokkas
  7 bats
  4 frilled lizards
  3 rats
89 creatures vanquished.

Vanquished Creatures (collateral kills)
  2 ogres (D:5)
  2 iguanas (D:4)
  An adder (D:4)
  3 orcs (D:4)
  A bat (D:3)
  2 endoplasms
  A goblin (D:4)
  6 hobgoblins
  7 kobolds (D:4)
25 creatures vanquished.

Grand Total: 114 creatures vanquished

Notes
Turn   | Place    | Note
-------+----------+-------------------------------------------
     0 | D:1      | Ceno the Armataur Warper began the quest for the Orb.
     0 | D:1      | Reached XP level 1. HP: 17/17 MP: 3/3
    39 | D:1      | Reached skill level 2 in Maces & Flails
   121 | D:1      | Found a faded altar of an unknown god.
   202 | D:1      | Reached XP level 2. HP: 24/24 MP: 4/4
   206 | D:1      | Learned a level 2 spell: Blink
   447 | D:1      | Reached XP level 3. HP: 29/29 MP: 5/5
   880 | D:2      | Found a hazy altar of Hepliaklqana.
   888 | D:2      | Became a worshipper of Hepliaklqana the Forgotten
   953 | D:2      | Got the Tome of Shadows
  1054 | D:2      | Reached skill level 3 in Maces & Flails
  1460 | D:2      | Reached XP level 4. HP: 37/37 MP: 6/6
  1943 | D:3      | Reached * piety under Hepliaklqana
  2190 | D:3      | Reached skill level 4 in Maces & Flails
  2263 | D:3      | Reached XP level 5. HP: 32/40 MP: 7/7
  2310 | D:3      | Found a hazy altar of Hepliaklqana.
  2652 | D:4      | Reached ** piety under Hepliaklqana
  2653 | D:4      | Remembered your ancestor Zoran as a battlemage
  2917 | D:4      | Reached XP level 6. HP: 43/45 MP: 8/8
  3039 | D:4      | Reached skill level 5 in Maces & Flails
  3249 | D:4      | Found a runed translucent gate.
  3254 | D:4      | Found a runed translucent gate.
  3254 | D:4      | Found a runed translucent gate.
  3255 | D:4      | Noticed Wenoon's ghost (amateur GrBe)
  3355 | D:4      | Gained mutation: You regenerate magic and health when
                  | rolling toward enemies. (Rampage Regen) [Armataur growth]
  3355 | D:4      | Reached XP level 7. HP: 26/53 MP: 9/9
  3793 | D:5      | Entered Level 5 of the Dungeon
  3815 | D:5      | Reached skill level 6 in Maces & Flails
  3845 | D:5      | Slain by an ogre

Illustrated notes

Levels and vault maps discovered:
D:1:      orjb1_clovarrival, layout_basic,
          dreamdust_ecumenical_altar_angels_and_demons
D:2:      layout_loops_ring, basic_altar
D:3:      layout_rooms, mainiacjoe_overflow_cross_hatched, minivault_26,
          nrook_uturn, kennysheep_generic_room_15
D:4:      corexii_shantytown, layout_loops_ring, ebering_ghost_rock_garden
D:5:      layout_basic, mainiacjoe_overflow_surrounded_room,
          nicolae_ossuary_entry_giza

Skill      XL: |  1  2  3  4  5  6  7 |
---------------+----------------------+-----
Maces & Flails | 2 3 4 5 6 |  6.3
Fighting       | 2 3 4 |  4.6
Throwing       | |  0.8
Armour         | |  1.2
Dodging        | |  1.3
Spellcasting   | |  1.7
Translocations | |  3.0

Action                     |  1- 3 |  4- 6 |  7- 9 || total
---------------------------+-------+-------+-------++-------
  Melee: Mace              |   121 |    51 |       ||   172
         Tailslap          |    13 |    16 |     1 ||    30
         Flail             |       |    31 |       ||    31
         Whip              |       |    64 |    11 ||    75
  Throw: Dart              |     2 |       |       ||     2
         Boomerang         |       |       |     2 ||     2
 Invoke: Ancestor Life: Ba |       |     1 |       ||     1
    Use: Scroll            |       |     4 |     4 ||     8
   Stab: Distracted        |       |     1 |       ||     1
 Armour: Ring mail         |   113 |    98 |     7 ||   218
  Dodge: Dodged            |    72 |    39 |     1 ||   112

Table legend: (Time is in decaauts)
 A = Elapsed time spent in this place.
 B = Non-inter-level travel time spent in this place.
 C = Inter-level travel time spent in this place.
 D = Time resting spent in this place.
 E = Time spent auto-exploring this place.
 F = Levels seen in this place.
 G = Mean time per level.
                   A        B        C        D        E       F      G
               +--------+--------+--------+--------+--------+-----+--------+
         Total |   3881 |   3680 |    201 |     83 |   2247 |   5 |  776.2 |
       Dungeon |   3881 |   3680 |    201 |     83 |   2247 |   5 |  776.2 |
               +--------+--------+--------+--------+--------+-----+--------+

Top non-repeatable levels by time:
     D:4: 1202 daAuts
     D:1: 999 daAuts
     D:2: 906 daAuts
     D:3: 722 daAuts
     D:5: 51 daAuts
